 Dungeon Crawl Stone Soup version 0.29.1-2-gbd0b4ee654 (webtiles) character file.

Game seed: 13477156918258659220

30 Hiippo the Trooper (level 3, 33/33 HPs)
             Began as a Hill Orc Fighter on Nov 28, 2022.
             Quit the game on level 1 of the Dungeon.
             The game lasted 00:20:03 (925 turns).

Hiippo the Trooper (Hill Orc Fighter)                Turns: 925, Time: 00:20:04

Health: 33/33      AC:  8    Str: 20    XL:     3   Next: 20%
Magic:  3/3        EV:  9    Int:  8    God:
Gold:   30         SH:  4    Dex: 10    Spells: 2/2 levels left

rFire   . . .      SeeInvis .   a - +0 war axe
rCold   . . .      Faith    .   c - +0 buckler
rNeg    . . .      Spirit   .   b - +0 scale mail
rPois   .          Reflect  .   (no helmet)
rElec   .          Harm     .   (no cloak)
rCorr   .          Rampage  .   k - +0 pair of gloves
Will    .....                   (no boots)
Stlth   ..........              (no amulet)
HPRegen 0.11/turn               (no ring)
MPRegen 0.08/turn               (no ring)

@: no status effects
A: no striking features
a: no special abilities


You were on level 1 of the Dungeon.
You visited 1 branch of the dungeon, and saw 1 of its levels.

You collected 30 gold pieces.

Inventory:

Hand Weapons
 a - a +0 war axe (weapon)
 d - a +0 club
 e - a +0 dagger
Missiles
 l - 2 boomerangs (quivered)
Armour
 b - a +0 scale mail (worn)
 c - a +0 buckler (worn)
 k - a +0 pair of gloves (worn)
Magical Staves
 n - a staff of earth
Scrolls
 g - a scroll of poison {unknown}
 i - a scroll of brand weapon {unknown}
Potions
 f - a potion of degeneration {unknown}
 h - a potion of curing {unknown}
 j - 2 potions of heal wounds {unknown}
 m - a potion of invisibility {unknown}
 o - a potion of haste {unknown}


   Skills:
 + Level 3.9 Fighting
 + Level 3.2 Axes
 + Level 0.2 Throwing
 + Level 3.7 Armour
 + Level 3.7 Shields


You had 2 spell levels left.
You didn't know any spells.
Your spell library was empty.

Dungeon Overview and Level Annotations

Branches:
Dungeon (1/15)

Altars:


Message History

You hit the frilled lizard.
You kill the frilled lizard!
You see here a frilled lizard corpse.
An endoplasm comes into view.
The endoplasm quivers.
Throw: 2 boomerangs
Press: ? - help, Q - select action Shift-Dir - straight line, f - endoplasm
Aim: an endoplasm (85% to hit)
You throw a boomerang. The boomerang hits the endoplasm.
You kill the endoplasm!
A ball python comes into view.
The ball python hisses angrily.
Throw: 2 boomerangs
Press: ? - help, Q - select action Shift-Dir - straight line, f - ball python
Aim: a ball python (52% to hit)
You throw a boomerang.
The boomerang hits the ball python but does no damage.
Throw: 2 boomerangs
Press: ? - help, Q - select action Shift-Dir - straight line, f/p - ball python
Aim: a ball python (52% to hit)
You throw a boomerang.
The boomerang closely misses the ball python.
A goblin comes into view. It is wielding a +0 club.
Throw: 2 boomerangs
Press: ? - help, Q - select action Shift-Dir - straight line, f - goblin, p - ball python
Aim: a goblin, wielding a +0 club (47% to hit)
You throw a boomerang. The boomerang hits the ball python.
You kill the ball python!
Throw: 2 boomerangs
Press: ? - help, Q - select action Shift-Dir - straight line, f/p - goblin
Aim: a goblin, wielding a +0 club (47% to hit)
You throw a boomerang. The boomerang barely misses the goblin.
Throw: 2 boomerangs
Press: ? - help, Q - select action Shift-Dir - straight line, f/p - goblin
Aim: a goblin, wielding a +0 club (47% to hit)
You throw a boomerang. The boomerang hits the goblin!
You kill the goblin!
You see here a ball python corpse.
You see here a frilled lizard corpse.
Are you sure you want to abandon this character and quit the game? (Confirm with "yes".)

.#########.###...## ##### ##...##
...........##...## #...# ##...#
############...######.#.######...
#..#........#........#.
#.##.#..###.#.##...#.##
#.#..###.#..#.##.###..#
#......................
#####..###########..### ##@.##
##..###. ##..## ##..##... ##..##
##..##..## ##..###..###.##
##..#..##...# ##...##..###
#...#..## ##....## ######


There were no monsters in sight!

Vanquished Creatures
  3 bats (D:1)
  4 endoplasms (D:1)
  2 giant cockroaches (D:1)
  3 goblins (D:1)
  2 hobgoblins (D:1)
  3 quokkas (D:1)
  5 ball pythons (D:1)
  A frilled lizard (D:1)
  3 rats (D:1)
26 creatures vanquished.

Notes
Turn   | Place    | Note
-------+----------+-------------------------------------------
     0 | D:1      | Hiippo the Hill Orc Fighter began the quest for the Orb.
     0 | D:1      | Reached XP level 1. HP: 19/19 MP: 1/1
    81 | D:1      | Reached XP level 2. HP: 13/27 MP: 2/2
   669 | D:1      | Reached XP level 3. HP: 33/33 MP: 3/3
   925 | D:1      | Quit the game

Illustrated notes

Levels and vault maps discovered:
D:1:      dpeg_chamrin_arrival_tetris, layout_basic

Skill      XL: |  1  2 |
---------------+-------+-----
Axes           | 3 |  3.2
Fighting       | |  3.9
Throwing       | |  0.2
Armour         | |  3.7
Shields        | |  3.7

Action                   || total
-------------------------++-------
Melee: War axe           ||    48
Throw: Stone             ||     9
       Boomerang         ||    11
  Use: Potion            ||     1
Armor: Scale mail        ||    23
Dodge: Dodged            ||    19
Block: Buckler           ||    12
